 Dungeon Crawl Stone Soup version 0.31-a0-188-g5e087ee2ca (webtiles) character file.

Game seed: 13849443862843905160

27 qw the Shooter (level 2, 0/16 HPs)
             Began as a Deep Elf Hunter on June 22, 2023.
             Succumbed to their own poison gas
             ... on level 1 of the Dungeon.
             The game lasted 00:00:15 (530 turns).

qw the Shooter (Deep Elf Hunter)                     Turns: 530, Time: 00:00:15

Health: 0/16       AC:  5    Str:  8    XL:     2   Next: 93%
Magic:  4/4        EV: 12    Int: 13    God:
Gold:   96         SH:  0    Dex: 18    Spells: 1/1 levels left

rFire   . . .        Y - +0 shortbow
rCold   . . .        (shield currently unavailable)
rNeg    + + .        e - +2 leather armour {rN+}
rPois   .            (no helmet)
rElec   .            (no cloak)
rCorr   .            (no gloves)
SInv    .            (no boots)
Will    .....        (no amulet)
Stlth   ++           h - ring of positive energy
HPRegen 0.22/turn    (no ring)
MPRegen 0.09/turn

%: no passive effects
@: lethally poisoned (0 -> -2)
A: no striking features
a: no special abilities


You were on level 1 of the Dungeon.
You visited 1 branch of the dungeon, and saw 1 of its levels.

You collected 96 gold pieces.


   Skills:
 - Level 1.5 Fighting
 + Level 6.6 Ranged Weapons
 - Level 2.4 Dodging
 - Level 1.2 Stealth


You had one spell level left.
You didn't know any spells.
Your spell library was empty.

Inventory:

Hand Weapons
 Y - a +0 shortbow (weapon)
Armour
 e - a +2 leather armour of positive energy (worn)
Jewellery
 h - a ring of positive energy (left hand)
Scrolls
 a - a scroll of identify
Potions
 f - a potion of mutation {unknown}

Dungeon Overview and Level Annotations

Branches:
Dungeon (1/15)

Altars:


Message History

Done exploring.
521 ||| READING scroll labelled ERROIL RUWNOT.
The air fills with toxic fumes!
As you read the scroll labelled ERROIL RUWNOT, it crumbles to dust.
It was a scroll of poison.
Done exploring.
522 ||| DROPPING scroll of butterflies.
You drop a scroll of butterflies.
Done exploring.
(D) Dungeon
Where to? (* - list waypoints, ? - help)
What level of the Dungeon? (default 1, ? - help) Sorry, I don't know how to get there.
Enter note:
Enter note:
Enter note:
Enter note:
Enter note:
Enter note:
Enter note:
Enter note:
Enter note: Really walk into that cloud of poison gas?
You are engulfed in poison gas.
You are poisoned.
You feel very sick.
524 ||| Stepping ~*~*~tactically~*~*~ (cloud).
You feel very sick.
Things that are here:
a scroll of butterflies; a +0 leather armour
There is a lethal amount of poison in your body!
You feel sick.
There is a lethal amount of poison in your body!
You feel sick.
There is a lethal amount of poison in your body!
You feel sick.
There is a lethal amount of poison in your body!
You feel sick.
There is a lethal amount of poison in your body!
You feel sick.
There is a lethal amount of poison in your body!
You die...

#.#.# #.# #....... #.#.# #.#
#....... #.#¤###.# ####.#..
#.¤¤0##.# #.#.# #######0¤##.##
#.#.# #.....¤¤¤....# #.#.# #
#.#####00##.0# #.... # #.#
#0¤##¤0#########.... # #.#
#¤¤@000000.........# #
#.#####¤00###.#####.###..# #
#...00¤00¤###.# #.# #..#
########..###0###0##.#####.###...
..........###¤# #¤...............
########....0.###.0.#.#.........#
#######...####...##.###.## #.###
##.###.###.## #.#######.#
#.......


There were no monsters in sight!

Vanquished Creatures
  An endoplasm (D:1)
  A giant cockroach (D:1)
  4 goblins (D:1)
  2 hobgoblins (D:1)
  4 jackals (D:1)
  3 kobolds (D:1)
  A quokka (D:1)
  4 ball pythons (D:1)
  2 bats (D:1)
  A rat (D:1)
23 creatures vanquished.

Notes
Turn   | Place    | Note
-------+----------+-------------------------------------------
     0 | D:1      | qw the Deep Elf Hunter began the quest for the Orb.
     0 | D:1      | Reached XP level 1. HP: 12/12 MP: 3/3
     0 | D:1      | 0 ||| qw: Version: 0.3-a-9-g12657ce
     0 | D:1      | 0 ||| qw: Game counter: 2827
     0 | D:1      | 0 ||| qw: Always use a shield: true
     0 | D:1      | 0 ||| qw: God list: Okawaru
     0 | D:1      | 0 ||| qw: Allow faded altars: false
     0 | D:1      | 0 ||| qw: Do Orc after D:15 true
     0 | D:1      | 0 ||| qw: Do second Lair branch before Depths: true
     0 | D:1      | 0 ||| qw: Lair rune preference: random
     0 | D:1      | 0 ||| qw: Plans: Normal
     0 | D:1      | 0 ||| PLANNING D:1-11
   131 | D:1      | Reached skill level 6 in Ranged Weapons
   131 | D:1      | Reached XP level 2. HP: 16/16 MP: 4/4
   508 | D:1      | 508 ||| UPGRADING to +2 leather armour of positive energy.
   518 | D:1      | 518 ||| DROPPING +0 leather armour.
   519 | D:1      | 519 ||| UPGRADING to ring of positive energy.
   520 | D:1      | 520 ||| READING 2 scrolls labelled GENUOSHR VUMP.
   521 | D:1      | 521 ||| READING scroll labelled ERROIL RUWNOT.
   522 | D:1      | 522 ||| DROPPING scroll of butterflies.
   524 | D:1      | 524 ||| Stepping ~*~*~tactically~*~*~ (cloud).
   526 | D:1      | HP: 3/16 [poisoned by you (poison gas)]
   529 | D:1      | HP: 1/16 [poisoned by you (poison gas)]
   530 | D:1      | Succumbed to their own poison gas

Levels and vault maps discovered:
D:1:      wander_arrival_estate, layout_loops_ring

Skill      XL: |  1 |
---------------+----+-----
Ranged Weapons | 6 |  6.6
Fighting       | |  1.5
Dodging        | |  2.4
Stealth        | |  1.2

Action                     || total
---------------------------++-------
   Fire: Shortbow          ||    52
    Use: Scroll            ||     2
 Armour: Leather armour    ||     2
  Dodge: Dodged            ||    10

Table legend:
 A = Non-vault XP
 B = Vault XP
 C = Vault XP percentage of total XP
 D = Non-vault monster count
 E = Vault monster count
 F = Vault count percentage of total count
                 A         B        C        D         E       F
            +---------+---------+-------+---------+---------+-------
      Total |      39 |       0 |   0.0 |      23 |       0 |   0.0
            +---------+---------+-------+---------+---------+-------
        D:1 |      39 |       0 |   0.0 |      23 |       0 |   0.0
            +---------+---------+-------+---------+---------+-------
